 Dungeon Crawl Stone Soup version 0.23.2-40-g277498a (webtiles) character file.

Game seed: 2648775860217892098

473 DolittleGuy the Chopper (level 6, 0/56 HPs)
             Began as a Minotaur Berserker on Aug 22, 2019.
             Was a Priest of Trog.
             Slain by Duvessa
             ... wielding a +0 short sword
              (8 damage)
             ... on level 4 of the Dungeon.
             The game lasted 00:04:22 (2771 turns).

DolittleGuy the Chopper (Minotaur Berserker)        Turns: 2771, Time: 00:04:23

Health: 0/56       AC: 11    Str: 24    XL:     6   Next: 84%
Magic:  5/5        EV:  7    Int:  4    God:    Trog [***...]
Gold:   181        SH:  0    Dex:  9    Spells: 5/5 levels left

rFire    . . .     SeeInvis .   v - +0 war axe
rCold    . . .     Gourm    .   (no shield)
rNeg     . . .     Faith    .   h - +0 plate armour
rPois    .         Spirit   .   (helmet restricted)
rElec    .         Reflect  .   (no cloak)
rCorr    .         Harm     .   (no gloves)
MR       ++...                  (no boots)
Stlth    ..........             (no amulet)
HPRegen  1.18/turn              (no ring)
MPRegen  0.09/turn              (no ring)

@: lethally poisoned (0 -> 0), regenerating
A: retaliatory headbutt, horns 2
a: Berserk, Trog's Hand, Renounce Religion


You were on level 4 of the Dungeon.
You worshipped Trog.
Trog was most pleased with you.
You were not hungry.

You visited 1 branch of the dungeon, and saw 4 of its levels.
You also visited: Ossuary.

You collected 181 gold pieces.

Inventory:

Hand Weapons
 a - a +0 hand axe
 v - a +0 war axe (weapon)
Armour
 b - a +0 animal skin
 h - a +0 plate armour (worn)
Wands
 s - a wand of disintegration (17)
Scrolls
 f - 3 scrolls of blinking {unknown}
 g - a scroll of amnesia {unknown}
 j - a scroll of magic mapping {unknown}
 l - 2 scrolls of identify {unknown}
 m - a scroll of enchant armour {unknown}
 n - 4 scrolls of remove curse {unknown}
 o - 3 scrolls of fog {unknown}
 w - a scroll of brand weapon {unknown}
Potions
 d - 2 potions of invisibility {unknown}
 e - a potion of brilliance {unknown}
 i - 2 potions of agility {unknown}
 k - 5 potions of might
 p - 3 potions of lignification {unknown}
 q - 4 potions of curing {unknown}
 r - 2 potions of haste {unknown}
 t - a potion of degeneration {unknown}
 u - 4 potions of resistance {unknown}
 x - 2 potions of flight {unknown}
 z - a potion of mutation {unknown}
 A - a potion of berserk rage {unknown}
Comestibles
 c - 4 rations


   Skills:
 + Level 5.1 Fighting
 * Level 7.8 Axes
 + Level 3.3 Armour
 + Level 3.0 Dodging
 + Level 0.6 Stealth


You had 5 spell levels left.
You didn't know any spells.
Your spell library was empty.

Dungeon Overview and Level Annotations

Branches:
Dungeon (4/15)
 Temple: D:4-7

Altars:

Annotations:
D:4 Duvessa


Innate Abilities, Weirdness & Mutations

You reflexively headbutt those who attack you in melee.
You have a pair of horns on your head.


Message History

a +1 dagger of venom; a +0 robe; the elf corpse of Dowan You closely miss Duvessa.
Your headbutt misses Duvessa.
Duvessa is heavily wounded.
You slash the adder!
You feel sick. The adder bites you.
* * * LOW HITPOINT WARNING * * *
Duvessa hits you with a +0 short sword.
* * * LOW HITPOINT WARNING * * *
The adder bites you but does no damage.
Your skin crawls.
You feel resistant to hostile enchantments.
You feel somewhat more hungry.
You feel sick. Duvessa hits you with a +0 short sword.
* * * LOW HITPOINT WARNING * * *
The adder closely misses you. Duvessa hits you but does no damage.
You hit Duvessa. Your headbutt misses Duvessa.
Duvessa is severely wounded.
You closely miss the adder.
You feel sick.
A hound comes into view.
The adder bites you but does no damage. Duvessa hits you with a +0 short sword!
You die...

#.#$. #.....# .#..
#.....####
...h##........######
..............[.)..##
....#........).....#
#.....#...###)...#
#.#.......#.#....#
#.......###.###..#
#.....e@'.....#..#
#..>.#.S###.### .#
#.#..#....#.# #
#.#..##...###
#.#..##.....
#.##.#..##.!....
#.......#<......+
####.##.##......#
#.##.#


You could see Duvessa (berserk), a hound (wandering) and an adder.

Vanquished Creatures
  A wraith (Ossuary)
  Dowan (D:4)
  2 orc priests (D:3)
  Natasha (thrice) (D:2)
  A mummy (Ossuary)
  4 gnolls (D:2)
  An adder (D:2)
  2 dart slugs (D:2)
  3 leopard geckos
  8 orcs
  5 bats
  2 giant cockroaches (D:1)
  7 hobgoblins
  4 jackals (D:3)
  A quokka (D:2)
  6 frilled lizards
  11 gnoll skeletons (Ossuary)
  3 goblins (D:2)
  4 kobolds
  5 kobold skeletons (Ossuary)
  9 orc skeletons (Ossuary)
  3 rats
86 creatures vanquished.

Notes
Turn   | Place    | Note
-------+----------+-------------------------------------------
     0 | D:1      | DolittleGuy the Minotaur Berserker began the quest for the
                  | Orb.
     0 | D:1      | Reached XP level 1. HP: 19/19 MP: 0/0
   380 | D:1      | Reached XP level 2. HP: 21/27 MP: 1/1
   538 | D:1      | Reached skill level 4 in Axes
  1006 | D:2      | Reached XP level 3. HP: 30/33 MP: 2/2
  1275 | D:2      | Reached ** piety under Trog
  1381 | D:2      | Reached skill level 5 in Axes
  1381 | D:2      | Reached XP level 4. HP: 21/41 MP: 3/3
  1622 | D:2      | Noticed Natasha
  1631 | D:2      | Killed Natasha
  1668 | D:2      | Noticed Natasha
  1673 | D:2      | Killed Natasha
  1856 | D:2      | Noticed Natasha
  1865 | D:2      | Killed Natasha
  1865 | D:2      | Reached XP level 5. HP: 43/47 MP: 4/4
  2006 | D:3      | Found a faded altar of an unknown god.
  2130 | D:3      | Reached skill level 6 in Axes
  2541 | D:4      | Found a sand-covered staircase.
  2546 | Ossuary  | Entered an ossuary
  2546 | Ossuary  | Noticed a wraith
  2546 | Ossuary  | Noticed a wraith
  2546 | Ossuary  | Noticed a wraith
  2560 | Ossuary  | Reached *** piety under Trog
  2563 | Ossuary  | Reached XP level 6. HP: 48/55 MP: 5/5
  2585 | Ossuary  | Noticed a wraith
  2636 | Ossuary  | Killed a wraith
  2636 | Ossuary  | Reached skill level 5 in Fighting
  2636 | Ossuary  | Reached skill level 7 in Axes
  2756 | D:4      | Noticed Dowan
  2757 | D:4      | Noticed Duvessa
  2767 | D:4      | Killed Dowan
  2771 | D:4      | Slain by Duvessa

Skill      XL: |  1  2  3  4  5  6 |
---------------+-------------------+-----
Fighting       | 4 5 |  5.1
Axes           | 4 5 6 7 |  7.8
Armour         | 3 |  3.3
Dodging        | 3 |  3.0
Stealth        | |  0.6

Action                   |  1- 3 |  4- 6 || total
-------------------------+-------+-------++-------
Melee: Hand axe          |    83 |    60 ||   143
       Headbutt          |    10 |    21 ||    31
       War axe           |       |    31 ||    31
Invok: Berserk           |     2 |     2 ||     4
       Trog's Hand       |       |     1 ||     1
  Eat: Ration            |     1 |     1 ||     2
       Chunk             |       |     4 ||     4
Armor: Animal skin       |    15 |       ||    15
       Plate armour      |    15 |    48 ||    63
Dodge: Dodged            |    43 |    37 ||    80
